 Dungeon Sprint DCSS version 0.21-a0-400-g417d9d2 (webtiles) character file.

0 Amnesiac the Digger (level 1, 10/10 HPs)
             Began as a Deep Elf Earth Elementalist on Oct 20, 2017.
             Quit the game in the Dungeon (Sprint V: "Ziggurat Sprint").
             The game lasted 00:00:12 (8 turns).

Amnesiac the Digger (Deep Elf Earth Elementalist)      Turns: 8, Time: 00:00:13

Health: 10/10      AC:  2    Str:  5    XL:     1   Next: 0%
Magic:  6/6        EV: 13    Int: 19    God:
Gold:   0          SH:  0    Dex: 15    Spells: 5/6 levels left

rFire    . . .     SeeInvis .   (no weapon)
rCold    . . .     Gourm    .   (no shield)
rNeg     . . .     Faith    .   c - +0 robe
rPois    .         Spirit   .   (no helmet)
rElec    .         Reflect  .   (no cloak)
rCorr    .         Harm     .   (no gloves)
MR       .....     NoTele   +   (no boots)
Stlth    ++........             (no amulet)
HPRegen  0.03/turn              (no ring)
MPRegen  0.10/turn              (no ring)

@: no status effects
A: no striking features
a: no special abilities


You were in the Dungeon.
You were not hungry.

You visited 1 branch

Inventory:

Missiles
 b - 30 stones (quivered)
Armour
 c - a +0 robe (worn)
Scrolls
 j - a scroll of blinking {!r}
Potions
 a - 2 potions of brilliance {!q}
 e - 10 potions of curing {!q}
 f - 10 potions of heal wounds {!q}
 g - 6 potions of haste {!q}
 h - 7 potions of magic {!q}
 i - 3 potions of berserk rage {!q}
 l - 2 potions of invisibility {!q}
 m - 4 potions of resistance {!q}
 n - a potion of experience {!q}
 o - 5 potions of agility {!q}
 p - 5 potions of might {!q}
Books
 k - a book of Geomancy

   Spells                             Type                      Level
   a - Sandblast                      Earth                        1
   b - Passwall                       Transmutation/Earth          2
   c - Stone Arrow                    Conjuration/Earth            3
   d - Petrify                        Transmutation/Earth          4
   e - Lee's Rapid Deconstruction     Earth                        5
Comestibles
 d - a bread ration


   Skills:
 + Level 2.4 Dodging
 + Level 2.4 Stealth
 + Level 3.0 Spellcasting
   Level 1.1 Transmutations
 + Level 3.2 Earth Magic


You had 5 spell levels left.
You knew the following spells:

 Your Spells              Type           Power        Failure   Level  Hunger
a - Sandblast             Erth           ###...       4%          1    None


Dungeon Overview and Level Annotations

Branches:
Dungeon (1/1)

Altars:
Ashenzari
Cheibriados
Dithmenos
Elyvilon
Fedhas
Gozag
Hepliaklqana
Kikubaaqudgha
Makhleb
Nemelex Xobeh
Okawaru
Qazlal
Ru
Sif Muna
Trog
Uskayaw
Vehumet
Wu Jian
Xom
Yredelemnul
Zin
The Shining One
Beogh
Jiyva
Lugonu

Annotations:
D 1 transporter


Message History

Welcome, Amnesiac the Deep Elf Earth Elementalist.
Press ? for a list of commands and other information.
Found eighteen items.
Found twelve altars.
Found a staircase leading out of the dungeon.
Found seven altars.
a - 2 potions of brilliance {!q};
l - 2 potions of invisibility {!q}
g - 6 potions of haste {!q} (gained 5);
m - 4 potions of resistance {!q}
n - a potion of experience {!q};
h - 7 potions of magic {!q} (gained 5)
o - 5 potions of agility {!q};
p - 5 potions of might {!q}
i - 3 potions of berserk rage {!q} (gained 2)
f - 10 potions of heal wounds {!q} (gained 9)
e - 10 potions of curing {!q} (gained 9)
Found six altars.
Found a transporter.
Are you sure you want to abandon this character and quit the game? (Confirm with "yes".)

▓▓▓▓▓▓▓▓▓▓▓▓▓▓▓▓▓
▓8_8_8_8©8_8_8_8▓
▓_............._▓
▓8.........))..8▓
▓_..))........._▓
▓8..)).@.......8▓
▓_..().....}..._▓
▓8...)..%..=...8▓
▓_......?..|..._▓
▓8...[...../...8▓
▓_...[.<......._▓
▓8.............8▓
▓_............._▓
▓8_8_8_8_8_8_8_8▓


There were no monsters in sight!

Vanquished Creatures (others)
  A spatial maelstrom (D)
1 creature vanquished.

Notes
Turn   | Place    | Note
-------+----------+-------------------------------------------
     0 | D        | Found the +6 Majin-Bo {vamp, Archmagi MP+6 Int+6}
     0 | D        | Found the +7 great mace "Firestarter" {inner flame, rF++}
     0 | D        | Amnesiac the Deep Elf Earth Elementalist began the quest for the Orb.
     0 | D        | Reached XP level 1. HP: 10/10 MP: 6/6
     0 | D        | Found a deep blue altar of Sif Muna.
     0 | D        | Found a sacrificial altar of Ru.
     0 | D        | Found a bloodstained altar of Trog.
     0 | D        | Found a stormy altar of Qazlal.
     0 | D        | Found an iron altar of Okawaru.
     0 | D        | Found a sparkling altar of Nemelex Xobeh.
     0 | D        | Found a blossoming altar of Fedhas.
     2 | D        | Found an ancient bone altar of Kikubaaqudgha.
     2 | D        | Found a transporter.
     2 | D        | Found a corrupted altar of Lugonu.
     2 | D        | Found a viscous altar of Jiyva.
     2 | D        | Found a burning altar of Makhleb.
     2 | D        | Found a hazy altar of Hepliaklqana.
     2 | D        | Found an opulent altar of Gozag.
     4 | D        | Banished a spatial maelstrom
     8 | D        | Quit the game

Vault maps used:
D:        sprint_v

Table legend:
 A = Spawn XP
 B = Non-spawn XP
 C = Spawn XP percentage of total XP
 D = Spawn monster count
 E = Non-spawn monster count
 F = Spawn count percentage of total count
 G = Total turns spent on level
                    A         B        C        D         E        F      G
               +---------+---------+-------+---------+---------+-------+---------
         Total |       0 |       0 |   N/A |       0 |       0 |   N/A |     8
               +---------+---------+-------+---------+---------+-------+---------
               +---------+---------+-------+---------+---------+-------+---------
